[Event "Memorial Ukrainian Chess Warriors 2024"]
[Site "Lviv"]
[Date "2024.03.15"]
[Round "3.1"]
[White "Hnatyshyn, Anastasiya"]
[Black "Kravtsiv, Martyn"]
[Result "0-1"]
[ECO "C50"]
[WhiteElo "2017"]
[BlackElo "2598"]
[Annotator "TA"]
[PlyCount "70"]
[EventDate "2024.03.06"]
[EventType "swiss"]
[EventCountry "UKR"]
[SourceTitle "playchess.com"]
[Source "ChessBase"]
[SourceQuality "1"]
[TimeControl "600+5"]

1. e4 e5 2. Nf3 Nc6 3. Bc4 Nf6 4. d3 Bc5 5. O-O O-O 6. c3 d5 7. exd5 Nxd5 8. d4 (8. Re1 $14) 8... exd4 $11 9. cxd4 Bb6 10. Nc3 {[%emt 0:00:55] Black has an edge.} Be6 11. Ng5 Nxd4 ({Reject} 11... Bxd4 12. Qc2 g6 13. Nxe6 fxe6 14. Bh6 $11) 12. Nxe6 fxe6 13. Bxd5 exd5 14. Be3 c5 15. Qg4 {[%emt 0:00:31] White is on the road to losing.} (15. Bxd4 $11 {keeps the balance.} cxd4 16. Na4) 15... Nf5 $17 16. Bg5 (16. b4 $17) 16... Qd6 17. Rad1 {[%emt 0:00:05] [#]} (17. Rae1 $17 {keeps fighting.}) 17... d4 $1 $19 {[%emt 0:00:05] ...Qg6 would now be deadly.} 18. Ne4 Qg6 19. Qh3 (19. Qe2 $142) 19... Rae8 20. f3 (20. Qb3+ Kh8 21. f3) 20... h6 21. Bc1 c4 {[%emt 0:00:07] [#] And now ...Ne3 would win.} 22. Kh1 Rd8 (22... Ne3 $142 23. Bxe3 dxe3) 23. Rfe1 Ba5 24. Rf1 (24. Rg1 {was necessary.}) 24... b5 {[%emt 0:00:02] Strongly threatening ...Ne3.} 25. Bf4 (25. g4 $142 Ne3 26. Bxe3 dxe3 27. Rxd8 Rxd8 28. Qg2) 25... Bb6 26. Rfe1 a6 ({Don't do} 26... d3 27. Bd2 $19) 27. a3 d3 28. Rf1 Bd4 29. Rb1 Ne7 30. Bd6 (30. Bc7) 30... Rxd6 {[%emt 0:00:07] Black is clearly winning.} 31. Nxd6 {[%emt 0:00:02] White is weak on the dark squares} Qxd6 32. Qg4 Bf6 33. Qe4 Qd5 {[%emt 0:00:04] aiming for ...Qxe4.} 34. Qg4 Rd8 {[%emt 0:00:02] White must now prevent ...d2.} 35. Rfd1 Nf5 {[%emt 0:00:03] Weighted Error Value: White=0.96/Black=0.52.  Mistake:       	White=8     	Black=1      Inaccurate:     	White=2     	Black=2      OK:         	White=5     	Black=9      Best:        	White=1     	Black=2} 0-1

[Event "Memorial Ukrainian Chess Warriors 2024"]
[Site "Lviv"]
[Date "2024.03.15"]
[Round "3.2"]
[White "Pavlov, Sergey"]
[Black "Karvatskyi, Oleksii"]
[Result "1-0"]
[ECO "A30"]
[WhiteElo "2451"]
[BlackElo "1986"]
[Annotator "TA"]
[PlyCount "51"]
[EventDate "2024.03.06"]
[EventType "swiss"]
[EventCountry "UKR"]
[SourceTitle "playchess.com"]
[Source "ChessBase"]
[SourceQuality "1"]
[TimeControl "600+5"]

1. c4 c5 2. Nf3 Nc6 3. d4 cxd4 4. Nxd4 e5 5. Nb5 d6 6. N1c3 {Strongly threatening Nd5.} a6 7. Na3 f5 8. g3 {White is slightly better.} Nf6 9. Bg2 Be6 10. Nd5 Be7 11. O-O O-O 12. Be3 Rc8 13. Rc1 Kh8 14. Qb3 Rb8 15. Rfd1 e4 (15... Qd7 $11) 16. Bf4 (16. Nc2 $14) 16... Bxd5 (16... Nh5 $1 $11 {remains equal.}) 17. cxd5 $16 Na5 18. Qc3 $36 {[%mdl 2048] White has strong initiative.} b5 {[%cal Bb7b5,Bb5b4][%mdl 32] Threatens to win with ...b4.} 19. b4 {[%cal Bb2b4,Bb4a5][%mdl 32] White has more active pieces.} Nd7 $2 {This costs Black the game.} 20. bxa5 $18 b4 {[#]} 21. Qc6 bxa3 22. Bxd6 ({Much less strong is} 22. Qxa6 $6 Nc5 23. Qc6 (23. Rxc5 Ra8 $16) 23... Rc8 $16) 22... Rf6 $2 (22... Bxd6 23. Qxd6 Rb2) 23. Bxb8 {A strong pair of Bishops. White is clearly winning.} Rxc6 24. dxc6 Qxb8 25. cxd7 {Intending Rc8+ and mate.} Qf8 {[#]} 26. d8=Q $1 {Weighted Error Value: White=0.09 (flawless) /Black=0.31.  Loses game:     	---       	Black=1      Mistake:       	White=1     	Black=3      Inaccurate:     	White=1     	Black=2      OK:         	White=9     	Black=6      Best:        	White=3     	Black=1} 1-0

[Event "Memorial Ukrainian Chess Warriors 2024"]
[Site "Lviv"]
[Date "2024.03.15"]
[Round "3.3"]
[White "Grinev, Valeriy"]
[Black "Vinogradnik, Vladimir"]
[Result "1-0"]
[ECO "A40"]
[WhiteElo "2422"]
[BlackElo "2036"]
[Annotator "TA"]
[PlyCount "51"]
[EventDate "2024.03.06"]
[EventType "swiss"]
[EventCountry "UKR"]
[SourceTitle "playchess.com"]
[Source "ChessBase"]
[SourceQuality "1"]
[TimeControl "600+5"]

1. d4 e5 2. dxe5 d6 3. exd6 Bxd6 4. e4 Qe7 5. Nc3 Nf6 6. Bg5 h6 7. Bh4 Nc6 8. Bb5 {[%emt 0:00:19] Weiß steht etwas besser.} Bd7 9. Nge2 {[%emt 0:00:49] Droht Nd5 und aus.} g5 10. Bg3 Bxg3 11. Nxg3 O-O-O {[%emt 0:00:04][%cal Od7h3] Weiss muss nun ...Bh3! beachten.} 12. O-O Bg4 (12... Be6 $11 {scheint genauer.} 13. Qc1 Nd4) 13. Qe1 $16 Nd4 14. Bd3 h5 15. Qe3 (15. f3 $14 Be6 16. Qf2) 15... h4 $11 16. Nge2 h3 {[%emt 0:00:50] Droht stark ...hxg2.} 17. Nxd4 hxg2 18. Rfe1 {[%emt 0:00:22][%cal Oe4e5] Zielt auf e5! ab.} (18. Qxg5 $2 gxf1=Q+ (18... gxf1=B $2 19. Kxf1 Rxd4 20. h4 $19) 19. Kxf1 Rxd4 $19) 18... Qe5 $1 19. Qg3 Qxd4 20. e5 (20. Be2 $11 Bxe2 (20... Nxe4 $2 21. Bxg4+ Kb8 22. Rxe4 $18) 21. Rxe2) 20... Rh3 $2 {[%emt 0:00:33][%mdl 8192] Danach kann Schwarz die Partie nicht mehr halten.} (20... Nh5 $17 {bleibt auf Kurs.} 21. Qxg2 Be6) 21. Qxg2 $18 Rdh8 {[%emt 0:01:41] ...Rxh2 wäre nun fies.} 22. exf6 (22. Re4 Nxe4 23. Qxg4+ Kb8 24. Qxe4 (24. Bxe4 Qxe5 25. Bg2 Rxh2 $16) 24... Qb6 $16) 22... Rxh2 {[%emt 0:00:03] [#]} 23. Re8+ $3 Rxe8 24. Qxh2 ({Auf keinen Fall} 24. Kxh2 Bd7 (24... Rh8+ $2 25. Kg1 $18) 25. Be4 (25. Qxg5 {führt zum Matt.} Qxf2+ 26. Kh1 Rh8+) 25... c6) 24... Qxf6 $2 {[%emt 0:00:09] [#]} (24... a6 25. Qg3 Kb8) 25. Qxc7+ $3 Kxc7 26. Nd5+ {[%emt 0:00:01] Gewichteter Fehlerwert: Weiß=0.15 (sehr präzise) /Schwarz=0.39.  Verlustzug:     	---       	Schwarz=1     Fehler:       	Weiß=2     	Schwarz=2     Ungenau:       	Weiß=1     	---        OK:         	Weiß=7     	Schwarz=9     Bester:       	Weiß=1     	Schwarz=3     Brilliant:      	Weiß=2     	---} 1-0

[Event "Memorial Ukrainian Chess Warriors 2024"]
[Site "Lviv"]
[Date "2024.03.15"]
[Round "3.4"]
[White "Shevchenko, Yaroslav"]
[Black "Kislinsky, Alexey"]
[Result "0-1"]
[ECO "E92"]
[WhiteElo "1971"]
[BlackElo "2361"]
[Annotator "TA"]
[PlyCount "92"]
[EventDate "2024.03.06"]
[EventType "swiss"]
[EventCountry "UKR"]
[SourceTitle "playchess.com"]
[Source "ChessBase"]
[SourceQuality "1"]
[TimeControl "600+5"]

1. d4 Nf6 2. c4 g6 3. Nc3 Bg7 4. e4 d6 5. Nf3 O-O 6. Be2 e5 7. d5 a5 8. Be3 Ng4 9. Bg5 f6 10. Bh4 Nh6 11. Nd2 g5 12. Bg3 f5 13. exf5 {[%emt 0:00:46] White is slightly better.} Nxf5 14. Bg4 Na6 15. Nde4 b6 16. Bxf5 (16. O-O $14) 16... Bxf5 $11 17. O-O g4 18. f3 gxf3 19. Rxf3 Qe8 20. Bh4 Kh8 21. Qe2 Bg6 22. Raf1 Rf4 23. Nf6 $16 (23. Rxf4 exf4 24. Rxf4 Nc5 $18) 23... Bxf6 (23... Qf7 $16 24. Bg5 (24. Rxf4 exf4 25. Rxf4 Nc5 $16) 24... Nc5 (24... Bxf6 $2 25. Bxf4 Qe8 26. Bh6 $18)) 24. Bxf6+ $18 (24. Rxf4 Bg7 25. R4f2 Nc5) 24... Kg8 25. Rxf4 (25. Bg5 $18 Bh5 26. Bxf4 Bxf3 27. Qxf3 exf4 28. Qxf4) 25... exf4 $16 26. Qxe8+ Rxe8 27. Rxf4 Nc5 28. b3 Nd3 29. Rf1 h5 30. Bd4 Kh7 31. h3 Nb4 32. Rf2 Nc2 33. Bf6 Re1+ 34. Kh2 Ne3 35. Re2 Nf1+ (35... Rxe2 $16 {might work better.} 36. Nxe2 a4) 36. Kg1 $18 Rc1 37. Kf2 {[%emt 0:00:06] Prevents Ng3} Bd3 38. Re1 ({White should play} 38. Re7+ $18 Kg6 39. Bd4) 38... Rc2+ $16 39. Kg1 (39. Kf3 $16) 39... Kg6 $11 40. Bd4 (40. Rxf1 $2 {too greedy.} Bxf1 41. Bh4 Bxc4 (41... Rxg2+ 42. Kxf1 Rc2 43. Nb5 $16) (41... Bxg2 $2 42. Nb5 $19) 42. bxc4 Rxc3 $19) 40... Ng3 41. Nb5 Ne2+ 42. Kh1 (42. Kh2 $11) 42... Be4 (42... Rxa2 $17 {Strongly threatening ...a4.} 43. Bg1 a4 44. bxa4 Ng3+ (44... Bxc4 45. Nxc7 Ng3+ 46. Kh2 $11) 45. Kh2 h4 46. Re6+ Kf7) 43. Bf2 Rxa2 44. Nxc7 {[%emt 0:00:05][%cal Oc7b5] Hoping for Nb5!} Kf5 $2 (44... Nc3 $11 45. Kg1 Ne2+ 46. Kf1 Bd3) 45. Ne8 (45. Bxb6 $2 {leads to mate.} Ng3+ 46. Kh2 Rxg2#) (45. Nb5 $1 $18 Ke5 46. Kh2 (46. Bxb6 $2 Ng3+ 47. Kh2 Rxg2#)) 45... Ke5 $16 46. Bxb6 $2 {[%emt 0:00:08][%mdl 8192] [#]} (46. Bh4 $16) 46... Ng3+ {[%emt 0:00:04] Weighted Error Value: White=0.43/Black=0.47.  Loses game:     	White=1     	Black=1      Mistake:       	White=6     	Black=4      Inaccurate:     	White=1     	Black=3      OK:         	White=7     	Black=12     Best:        	White=4     	Black=3} 0-1

[Event "Memorial Ukrainian Chess Warriors 2024"]
[Site "Lviv"]
[Date "2024.03.15"]
[Round "3.5"]
[White "Kazakov, Maksym"]
[Black "Petrov, Vladimir Sergeev"]
[Result "0-1"]
[ECO "A10"]
[WhiteElo "1992"]
[BlackElo "2349"]
[Annotator "RC"]
[PlyCount "142"]
[EventDate "2024.03.06"]
[EventType "swiss"]
[EventCountry "UKR"]
[SourceTitle "playchess.com"]
[Source "ChessBase"]
[SourceQuality "1"]
[TimeControl "600+5"]

1. c4 g6 2. g3 Bg7 3. Bg2 d6 4. Nc3 Nf6 5. e3 O-O 6. Nge2 c6 7. O-O Bf5 8. d4 Qc8 9. e4 Bh3 10. Bxh3 Qxh3 11. Nf4 Qc8 12. e5 Ne8 13. Re1 Nc7 14. exd6 exd6 15. d5 c5 16. Ne4 Qd8 17. a4 Nba6 18. Nd3 h6 19. Bd2 Ne8 20. Bc3 Nf6 21. Bxf6 Bxf6 22. Qf3 Bg7 23. Qf4 f5 24. Nc3 g5 25. Qe3 Nc7 26. Qe7 Rf7 27. Qxd8+ Rxd8 28. Nb5 a6 29. Nxc7 Rxc7 30. Re6 Kf7 31. Kg2 Re7 32. Rxe7+ Kxe7 33. Re1+ Kf7 34. Re6 Bf8 35. f3 b5 36. axb5 axb5 37. b3 Ra8 38. cxb5 Rb8 39. Nb2 Rxb5 40. Nc4 Rxb3 41. Nxd6+ Bxd6 42. Rxd6 Rd3 43. h4 g4 44. fxg4 fxg4 45. Rxh6 Rxd5 46. Rc6 Rd2+ 47. Kf1 Rc2 48. Ke1 c4 49. h5 Rc3 50. Kf2 Rf3+ 51. Ke2 c3 52. Rc4 Rxg3 53. Kf2 Rh3 54. Rxg4 c2 55. Rc4 Rh1 56. Rc7+ Kg8 57. h6 c1=Q 58. h7+ Kh8 59. Rxc1 Rxc1 60. Ke2 Ra1 61. Kd2 Kxh7 62. Kc2 Rh1 63. Kd2 Kg6 64. Ke2 Kf5 65. Kf2 Kf4 66. Kg2 Rb1 67. Kf2 Rb2+ 68. Ke1 Ke3 69. Kd1 Kd3 70. Kc1 Rb3 71. Kd1 Rb1# 0-1

[Event "Memorial Ukrainian Chess Warriors 2024"]
[Site "Lviv"]
[Date "2024.03.15"]
[Round "3.6"]
[White "Sakun, Volodymyr"]
[Black "Kotovskyy, Dmytro"]
[Result "1-0"]
[ECO "D04"]
[WhiteElo "2301"]
[BlackElo "2024"]
[Annotator "RC"]
[PlyCount "81"]
[EventDate "2024.03.06"]
[EventType "swiss"]
[EventCountry "UKR"]
[SourceTitle "playchess.com"]
[Source "ChessBase"]
[SourceQuality "1"]
[TimeControl "600+5"]

1. Nf3 d5 2. d4 Nf6 3. e3 c5 4. c3 Nc6 5. dxc5 e5 6. Bb5 Qc7 7. b4 a6 8. Be2 Bg4 9. h3 Bh5 10. Nbd2 Be7 11. O-O O-O 12. Bb2 Rad8 13. Rc1 Ne4 14. Nh2 Bg6 15. Nxe4 dxe4 16. Qc2 f5 17. Rcd1 f4 18. Bc4+ Kh8 19. Bd5 f3 20. Bxe4 fxg2 21. Kxg2 Rxd1 22. Rxd1 Bh5 23. Ng4 Bh4 24. Rf1 Qe7 25. f4 Re8 26. f5 Qg5 27. Qe2 Rd8 28. Kh1 Bg3 29. Rg1 Qh4 30. Qg2 Bxg4 31. Qxg3 Qxg3 32. Rxg3 Rd1+ 33. Kh2 Bh5 34. Rg1 Rd2+ 35. Rg2 Rd1 36. a3 h6 37. c4 Bf7 38. Rc2 Kg8 39. b5 Na5 40. c6 Nxc4 41. cxb7 1-0

[Event "Memorial Ukrainian Chess Warriors 2024"]
[Site "Lviv"]
[Date "2024.03.15"]
[Round "3.7"]
[White "Zakordonets, Olexandr"]
[Black "Dehtiarov, Roman"]
[Result "0-1"]
[ECO "A46"]
[WhiteElo "1963"]
[BlackElo "2319"]
[Annotator "TA"]
[PlyCount "104"]
[EventDate "2024.03.06"]
[EventType "swiss"]
[EventCountry "UKR"]
[SourceTitle "playchess.com"]
[Source "ChessBase"]
[SourceQuality "1"]
[TimeControl "600+5"]

1. d4 Nf6 2. Nf3 e6 3. g3 b6 4. Bg2 Bb7 5. O-O c5 6. c3 Be7 7. Bf4 O-O 8. Na3 cxd4 9. cxd4 Bxa3 {[%emt 0:00:05] Black is slightly better.} 10. bxa3 d5 11. Rc1 Nc6 12. Ne5 Nxe5 13. Bxe5 Ne4 14. Bxe4 dxe4 15. Qb3 Bd5 16. Qb2 Qg5 17. Bf4 Qh5 18. Rc7 Rfc8 19. Rfc1 Rxc7 20. Rxc7 h6 21. h4 Qg4 22. Qc2 Qh3 23. Be3 Qg4 (23... b5 {is interesting.} 24. a4 a6 25. axb5 axb5 26. Rc8+ Rxc8 27. Qxc8+ Kh7) 24. a4 Qf5 25. a3 Kh7 26. Rc8 (26. Qb2 $11 {remains equal.}) 26... Rxc8 (26... Bb3 $1 $17 27. Qc7 Rxc8 28. Qxc8 Bxa4) 27. Qxc8 $17 {[%emt 0:00:01][%mdl 4096] Endgame. KQB-KQB} Bb3 28. Qa6 Bd1 $1 29. Qc4 Qa5 (29... Qd5 {simplifies} 30. Qxd5 exd5 31. Kf1 Bxa4 32. Bf4 Kg6) 30. Kf1 {[%emt 0:00:47] Repels Qe1+} Bxa4 (30... Qxa4 {simplifies} 31. Qxa4 Bxa4 32. g4 Bb5) 31. Qc7 Qh5 32. Ke1 {[%emt 0:00:17] [#]} ({White should play} 32. Qb7 $15) 32... Qb5 $1 33. Qc1 Bb3 {[%emt 0:00:17] Black is more active.} 34. Qb1 f5 (34... Qa5+ $142 35. Bd2 Qxa3 36. Qxe4+ f5) 35. Qb2 Qd5 36. Bf4 Qa5+ 37. Bd2 Qa4 38. d5 {[%emt 0:00:13] Black converts the advantage convincingly.} Bxd5 ({Don't play} 38... exd5 39. Bc3 $11) 39. Bc3 Qd7 40. Be5 Bc6 41. h5 (41. Qd2 $142) 41... Bb7 42. Bd4 Ba6 43. Be5 (43. Qc3 $142) 43... Qf7 $19 44. g4 fxg4 45. Qd4 Qxh5 46. Qxe4+ Qf5 47. Qd4 Qb1+ 48. Kd2 Qa2+ 49. Kc1 $2 {[%emt 0:00:11] [#]} (49. Qb2 Qxb2+ 50. Bxb2) 49... Qxa3+ 50. Kd2 $2 (50. Kc2) 50... Qa2+ {[%emt 0:00:10] Black is clearly winning.} 51. Kc1 Qxe2 52. Bf4 (52. Bxg7 $142 Bd3 53. Qc3) 52... Qc4+ {[%emt 0:00:07] Weighted Error Value: White=0.30/Black=0.11 (very precise) .  Mistake:       	White=7     	Black=2      Inaccurate:     	White=3     	Black=2      OK:         	White=11    	Black=16     Best:        	White=2     	Black=3      Strong:       	---       	Black=2} 0-1

[Event "Memorial Ukrainian Chess Warriors 2024"]
[Site "Lviv"]
[Date "2024.03.15"]
[Round "3.8"]
[White "Semenov, Dmytro"]
[Black "Smolkin, Alexander"]
[Result "1-0"]
[ECO "C02"]
[WhiteElo "2370"]
[BlackElo "1957"]
[Annotator "RC"]
[PlyCount "129"]
[EventDate "2024.03.06"]
[EventType "swiss"]
[EventCountry "UKR"]
[SourceTitle "playchess.com"]
[Source "ChessBase"]
[SourceQuality "1"]
[TimeControl "600+5"]

1. e4 e6 2. d4 d5 3. e5 c5 4. c3 Nc6 5. Nf3 Bd7 6. Be2 Nge7 7. Na3 Nf5 8. Nc2 Be7 9. O-O O-O 10. Bd3 Qc7 11. g4 Nh4 12. Nxh4 Bxh4 13. g5 c4 14. Bxh7+ Kxh7 15. Qh5+ Kg8 16. Qxh4 Ne7 17. Ne3 Nf5 18. Qh3 g6 19. Nxf5 exf5 20. Bf4 Be6 21. Rae1 Rfb8 22. Qh6 Qe7 23. Re3 Qf8 24. Rh3 Qxh6 25. gxh6 Kh7 26. Bg5 b5 27. Rg3 a5 28. a3 b4 29. axb4 axb4 30. Be7 b3 31. f4 Ra2 32. Rb1 Rb7 33. Bc5 Rc7 34. Bd6 Rb7 35. Bf8 Rba7 36. Kf2 Ra1 37. Rgg1 R1a2 38. Kg3 Ra8 39. Be7 R2a7 40. Bf6 Ra2 41. Kh4 R8a6 42. Kg5 Ra8 43. Rgf1 R8a7 44. Rfe1 Ra8 45. Rg1 R8a7 46. h4 Ra8 47. h5 Rg8 48. Bg7 Ra6 49. Ra1 Rga8 50. Rxa6 Rxa6 51. hxg6+ fxg6 52. Kf6 Bg8+ 53. Ke7 Ra7+ 54. Kd6 Ra6+ 55. Kc5 Ra2 56. Rg2 Ra6 57. Kb5 Ra1 58. Re2 Be6 59. Kc6 Ra6+ 60. Kc7 Ra7+ 61. Kd6 Ra6+ 62. Ke7 Kg8 63. Bf6 Kh7 64. Re1 Kg8 65. h7+ 1-0

[Event "Memorial Ukrainian Chess Warriors 2024"]
[Site "Lviv"]
[Date "2024.03.15"]
[Round "3.9"]
[White "Fainkihen, Efim"]
[Black "Podolskyi, Mykhailo"]
[Result "1/2-1/2"]
[ECO "B40"]
[WhiteElo "1976"]
[BlackElo "2331"]
[Annotator "TA"]
[PlyCount "121"]
[EventDate "2024.03.06"]
[EventType "swiss"]
[EventCountry "UKR"]
[SourceTitle "playchess.com"]
[Source "ChessBase"]
[SourceQuality "1"]
[TimeControl "600+5"]

1. e4 c5 2. Nf3 e6 3. b4 cxb4 4. d4 Nf6 5. Bd3 b6 6. Qe2 Bb7 7. O-O d5 8. exd5 {[%emt 0:01:58] Schwarz steht etwas besser.} Nxd5 9. Bb5+ Nc6 10. Ne5 Qc7 11. f4 (11. a3 $15) 11... Bd6 12. f5 (12. a3 $17 {ist eine bessere Verteidigung.}) 12... Bxe5 13. dxe5 O-O-O 14. Bb2 {[%emt 0:00:25] Lässt Nd4 nicht zu} Kb8 15. a3 {[%emt 0:00:15] [#]} (15. fxe6 $142 fxe6 16. a3) 15... Nc3 $1 $19 16. Nxc3 (16. Bxc3 bxc3) 16... Nd4 (16... bxc3 17. Bxc3 Ne7 18. Be1 (18. f6 $2 Qxc3 19. fxe7 Rd2 $19) 18... Nxf5 (18... exf5 19. e6 $11) 19. Bd3 $17) 17. Qc4 bxc3 18. Qxc7+ Kxc7 19. Bxc3 Nxb5 20. Bb4 a5 21. Be1 Bd5 22. c4 Bxc4 23. Rc1 Rd4 24. a4 Na7 25. fxe6 fxe6 {[%emt 0:00:02] Droht ...Kb7 und aus.} 26. Rf7+ Kc6 $2 (26... Kb8 $19 {Droht stark ...Bd5.} 27. Bf2 Re4 28. Bxb6 Nc6 29. Rxg7 Bd5 (29... Nxe5 30. Bc7+ Ka8 31. Bxe5 $16)) 27. Bf2 $1 $11 Re4 28. Rxa7 Rd8 29. Rxg7 Rd2 (29... Rd7 $11 30. Rxd7 Kxd7) 30. Rxh7 $14 Ra2 31. Rh6 Kb7 32. Rb1 Bb3 33. h4 (33. Rxb3 Ra1+ $17) 33... Rb4 34. Rh7+ Ka6 35. Rc1 {[%emt 0:00:02] Verhindert Bc2} (35. Rf7 $15 {scheint genauer.}) 35... Rc2 (35... Rf4 $17 36. Rcc7 Raxa4 (36... Ra1+ 37. Kh2 $17) 37. Ra7+ Kb5 38. Bxb6 Kxb6 (38... Ra1+ 39. Kh2 $11) 39. Rhb7+ Kc5 40. Rxb3 Ra1+ 41. Kh2 Rxh4+ 42. Kg3 Re4) 36. Rxc2 Bxc2 {[%emt 0:00:01][%mdl 4096] Endspiel. KRB-KRB} 37. Rc7 Bf5 38. h5 {[%emt 0:00:04] Weiß steht aktiver.} Rxa4 39. h6 Ra1+ 40. Kh2 Ra2 (40... Rf1 $14 41. Be3 Re1) 41. Kg3 (41. Bh4 $16) 41... Ra3+ $2 {[%emt 0:00:07] [#]} (41... a4 $1 $14) 42. Kf4 $1 $18 Ra4+ {[%emt 0:00:01] [#]} 43. Kf3 $1 Ra3+ 44. Be3 {[%emt 0:00:01] Und g4 würde nun gewinnen.} Ra1 $2 (44... Ra4 45. Rg7 Be4+ 46. Kg3 Ra1) 45. g4 Bd3 46. h7 $2 (46. Rc6 $18 {ist viel giftiger.} a4 47. Rxb6+ (47. Rxe6 a3 $18) 47... Ka5 48. Rd6 (48. Rxe6 a3 $18)) 46... Rh1 $16 47. Rc6 (47. Re7 {vereinfacht} Rxh7 48. Rxe6 a4 49. Rxb6+ Ka5 50. Rb8) 47... Rh3+ $2 (47... a4 $16 {war einen Versuch wert.}) 48. Kf2 $2 (48. Kg2 $18 Rxe3 49. h8=Q (49. h8=R $2 Be4+ 50. Kf2 Rf3+ 51. Ke2 Bxc6 $19) 49... Be4+ 50. Kh2 Bxc6 51. Qc8+ Kb5 52. Qxe6) 48... Kb5 ({Vorzuziehen ist} 48... a4 $1 $14) 49. Rxb6+ (49. Bxb6 $2 {geht unter.} Kxc6 50. Bxa5 Kd7 $19 (50... Bxh7 $2 51. Bd8 $19) (50... Rxh7 $2 51. Kg2 $19)) 49... Ka4 ({Günstiger ist} 49... Kc4) 50. h8=Q (50. Rxe6 $142 {Zielt auf Rb6 ab.} Rxh7 51. Rb6) 50... Rxh8 51. Rxe6 Kb5 52. Rb6+ Kc4 53. Rc6+ Kb5 (53... Kb4 $16 {war nötig.}) 54. Rc5+ $18 Kb4 55. Rd5 $2 (55. e6 $18) 55... Bc4 $1 $11 56. Bd2+ Kb3 57. Rxa5 {[%emt 0:00:07] Schwarz muss nun Kf3 beachten.} Kc2 (57... Rh2+ $11 58. Ke1 (58. Ke3 Re2+ 59. Kf4 Rxd2 $11) 58... Rh1+ 59. Kf2 Rh2+ 60. Ke1 (60. Ke3 Re2+ 61. Kf4 Rxd2 $11) 60... Kc2) 58. Be3 {[%emt 0:00:03] Und jetzt Kf3 wäre schön.} Rf8+ (58... Kd3 $16) 59. Kg3 $18 Kd3 60. Bf4 Ke4 $2 (60... Rg8 $16) 61. Ra4 {[%emt 0:00:22] Weiß hat die Chance genutzt.   Gewichteter Fehlerwert: Weiß=0.40/Schwarz=0.50.  Verlustzug:     	---       	Schwarz=2     Gewinn verpasst:   	Weiß=4     	Schwarz=1     Fehler:       	Weiß=6     	Schwarz=10    Ungenau:       	Weiß=7     	Schwarz=3     OK:         	Weiß=14    	Schwarz=20    Bester:       	Weiß=7     	Schwarz=7     Stark:        	Weiß=3     	Schwarz=1} (61. e6 $18 {ist der präzise Gewinnweg.}) 1/2-1/2

[Event "Memorial Ukrainian Chess Warriors 2024"]
[Site "Lviv"]
[Date "2024.03.15"]
[Round "3.10"]
[White "Mosesov, Danyil"]
[Black "Frankiv, Oleksandr"]
[Result "1-0"]
[ECO "A04"]
[WhiteElo "2453"]
[BlackElo "1788"]
[Annotator "TA"]
[PlyCount "95"]
[EventDate "2024.03.06"]
[EventType "swiss"]
[EventCountry "UKR"]
[SourceTitle "playchess.com"]
[Source "ChessBase"]
[SourceQuality "1"]
[TimeControl "600+5"]

1. Nf3 Nc6 2. d4 d5 3. c4 Bg4 4. cxd5 Bxf3 5. gxf3 Qxd5 6. e3 Nf6 7. Nc3 Qh5 8. Bb5 e6 {[%emt 0:00:18] White is slightly better.} 9. Bd2 Bb4 10. Qe2 a6 11. Bxc6+ bxc6 12. O-O-O Nd5 (12... O-O $11) 13. Ne4 Bxd2+ (13... a5 $14) 14. Rxd2 $16 (14. Nxd2 O-O $11) 14... Nb6 (14... O-O $142) 15. Rg1 Kf8 16. Rc2 Qb5 (16... g6 $16 {is a better defense.} 17. Rh1 (17. Rxc6 Nd5 $16) 17... Qh3 18. Rxc6 Kg7) 17. Qxb5 (17. Qd2 $18 {Rc5 would now be deadly.} Qf5 18. Rg3 (18. Rxc6 Qxf3 19. Rxc7 Qxe4 $18)) 17... axb5 18. Rxc6 Rxa2 19. Kb1 {[%emt 0:00:01] Repels Ra1+} ({Inferior is} 19. Rxc7 Ra1+ 20. Kc2 Rxg1 $15) 19... Ra7 20. Nc3 Rb7 21. Nxb5 {[%emt 0:00:25] White has more active pieces.} Nd5 22. Nc3 Nb4 23. Rc4 Nd3 24. Nd1 (24. Na4 $142) 24... g6 25. Rc3 Nb4 26. Rg5 (26. Rb3 $16) 26... Nd5 $14 27. Ra3 Ke7 (27... Kg7 $11) 28. e4 (28. Nc3 $1 $14) 28... f6 {[%emt 0:00:05][%mdl 1024] Black has compensation.} 29. Rg1 (29. Rg4 $11 Nb4 30. Rh4) 29... Nb4 (29... Nf4 $15) 30. Ne3 $11 Rhb8 31. Rc1 $36 {[%emt 0:00:22][%mdl 2048] Prevents Nc6. White has good play.} c6 32. Nc4 Kd7 (32... Rb5 $14 {feels stronger.}) 33. Rb3 ({White should play} 33. f4 $16) 33... Na6 34. Rxb7+ Rxb7 $14 {[%emt 0:00:01][%mdl 4096] Endgame. KRN-KRN} 35. Kc2 Nb4+ 36. Kd2 Na6 $1 37. Ra1 Nc7 38. Kc3 Nb5+ 39. Kd3 {[%emt 0:00:01] Hoping for Ra8.} Nd6 40. Nxd6 Kxd6 {[%emt 0:00:00] KR-KR} 41. Kc3 f5 $2 {[%emt 0:00:08][%mdl 8192] [#] This costs Black the game.} (41... e5 $14) 42. e5+ $1 $18 {[%emt 0:00:10] White is clearly winning.} Kd5 (42... Kc7 $142 43. Ra8 h6) 43. Ra5+ Rb5 44. b4 g5 45. Ra7 c5 46. Rd7+ (46. Rxh7 cxd4+ 47. Kb3 Kxe5 $17) 46... Kc6 47. Rd6+ (47. Rxh7 Rxb4 48. dxc5 Rf4 $11) 47... Kc7 48. dxc5 {[%emt 0:00:01] Weighted Error Value: White=0.19 (very precise) /Black=0.34.  Loses game:     	---       	Black=1      Mistake:       	White=6     	Black=8      Inaccurate:     	White=2     	Black=3      OK:         	White=13    	Black=10     Best:        	White=3     	Black=2      Strong:       	White=1     	Black=1} 1-0